 Dungeon Crawl Stone Soup version 0.28-a0-429-g1448048969 (webtiles) character file.

Game seed: 10247296126136338139

491 Sweetruy1997 the Digger (level 7, -3/36 HPs)
             Began as a Gargoyle Earth Elementalist on Sept 10, 2021.
             Slain by Duvessa (19 damage)
             ... on level 5 of the Dungeon.
             The game lasted 00:10:25 (4788 turns).

Sweetruy1997 the Digger (GrEE)                      Turns: 4788, Time: 00:10:26

Health: -3/36      AC:  5    Str: 12    XL:     7   Next: 14%
Magic:  1/13       EV:  4    Int: 18    God:
Gold:   160        SH: 24    Dex: 11    Spells: 3/15 levels left

rFire   . . .      SeeInvis .   h - +0 dagger (freeze)
rCold   . . .      Faith    .   a - +18 shield of the Gong {rElec rN+ Will+ EV-5}
rNeg    + + .      Spirit   .   b - +0 robe
rPois   ∞          Reflect  .   (no helmet)
rElec   +          Harm     .   n - +0 cloak
rCorr   .          Rampage  .   (no gloves)
Will    +....                   l - +1 pair of boots
Stlth   ++........              (no amulet)
HPRegen 0.12/turn               q - ring of Fepil {Int+2 Slay+4}
MPRegen 0.13/turn               (no ring)

@: corroded, unable to read
A: sickness immunity, AC +4, negative energy resistance 1, electricity
resistance, torment resistance 1, petrification resistance, wild magic 1,
inability to read while threatened, noise suppression
a: no special abilities


You were on level 5 of the Dungeon.
You visited 1 branch of the dungeon, and saw 5 of its levels.

You collected 160 gold pieces.

Inventory:

Hand Weapons
 h - a +0 dagger of freezing (weapon)
Missiles
 c - 118 stones
Armour
 a - the +18 shield of the Gong (worn) {rElec rN+ Will+ EV-5}
   (You acquired it on level 4 of the Dungeon)

   It is deafeningly noisy when blocking attacks.
   EV:        It affects your evasion (-5).
   rElec:     It insulates you from electricity.
   rN:        It protects you from negative energy.
   Will:      It increases your willpower.
 b - a +0 robe (worn)
 l - a +1 pair of boots (worn)
 n - a +0 cloak (worn)
Jewellery
 q - the ring of Fepil (left hand) {Int+2 Slay+4}
   (You acquired it on level 4 of the Dungeon)

   [ring of slaying]

   Int:       It affects your intelligence (+2).
   Slay:      It affects your accuracy & damage with ranged weapons and melee
   (+4).
Scrolls
 e - a scroll of teleportation {unknown}
 f - a scroll of vulnerability {unknown}
 g - a scroll of silence {unknown}
 i - a scroll of blinking {unknown}
 j - 3 scrolls of magic mapping
 k - a scroll of holy word {unknown}
Potions
 d - a potion of magic {unknown}
 m - a potion of curing {unknown}
 o - a potion of heal wounds {unknown}
 p - a potion of might {unknown}


   Skills:
 + Level 0.1 Fighting
 + Level 0.2 Short Blades
 + Level 0.1 Throwing
 + Level 1.9 Dodging
 + Level 3.1 Stealth
 + Level 0.2 Shields
 + Level 4.6 Spellcasting
 + Level 0.7 Transmutations
 + Level 6.9 Earth Magic


You had 3 spell levels left.
You knew the following spells:

 Your Spells              Type           Power      Damage    Failure   Level
a - Sandblast             Erth           74%        2d16      9%          1
b - Passwall              Tmut/Erth      19%        N/A       38%         2
c - Stone Arrow           Conj/Erth      42%        3d9       65%         3
d - Petrify               Tmut/Erth      23%        N/A       93%         4
e - Ensorcelled Hibernat  Hex/Ice        10%        N/A       87%         2

Your spell library contained the following spells:

 Spells                   Type           Power      Damage    Failure   Level
 Frozen Ramparts          Ice            10%        1d3       98%         3
 Animate Armour           Summ/Erth      42%        N/A       95%         4
 Summon Ice Beast         Ice/Summ       5%         N/A       100%        4
 Iron Shot                Conj/Erth      10%        9d3       100%        6
 Borgnjor's Revivificati  Necr           2%         N/A       100%        8
 Necromutation            Tmut/Necr      3%         N/A       100%        8
 Death's Door             Necr           2%         N/A       100%        9
 Shatter                  Erth           18%        3d17*     100%        9


Dungeon Overview and Level Annotations

Branches:
Dungeon (5/15)
 Temple: D:4-7

Altars:
Cheibriados
Yredelemnul

Annotations:
D:4 1 runed translucent door
D:5 Duvessa


Innate Abilities, Weirdness & Mutations

You are immune to sickness and miasma.
Your stone body is resilient. (AC +4)
You are immune to poison.
You resist negative energy. (rN+)
You are resistant to electric shocks. (rElec)
You are resistant to unholy torment.
You are immune to petrification.
Your spells are a little harder to cast, but a little more powerful.
You sometimes lose the ability to read scrolls when taking damage.
You passively dampen the noise of your surroundings.


Message History

SHROANNG!
You hear a shout! x2
You block Duvessa's attack.
BOUMMMMG!
You hear a shout! x2
There is an open door here.
You hit the jelly. You freeze the jelly. The acid corrodes you!
Your hands burn!
The jelly is moderately wounded.
You block the jelly's attack.
SHROANNG!
You block the jelly's attack.
SHROANNG!
Your magical contamination has completely faded away.
You hit the jelly but do no damage.
Your hands burn!
The jelly is moderately wounded.
You block the jelly's attack.
BOUMMMMG!
You hit the jelly. You freeze the jelly.
Your hands burn!
The jelly is heavily wounded.
The jelly hits you.
You are splashed with acid.
You feel threatened and lose the ability to read scrolls!
You hit the jelly. You freeze the jelly.
Your hands burn!
The jelly is severely wounded.
You block the jelly's attack.
GONNNNG!
You are too injured to fight recklessly!
Casting: Sandblast (safe; 9% risk of failure)
Confirm with . or Enter, or press ? or * to list all spells.
Aiming: Sandblast (safe; 9% risk of failure)
Press: ? - help, Shift-Dir - straight line, f/p - Duvessa
Aim: Duvessa, wielding a +0 rapier and wearing a +2 chain mail of fire resistance (moderately wounded, berserk, 89% to hit)
The blast of sand hits the jelly!
You kill the jelly!
Unknown command.
You hit Duvessa. You freeze Duvessa.
Duvessa is moderately wounded.
You block Duvessa's attack.
GONNNNG!
Duvessa hits you with a +0 rapier!!
Ouch! That really hurt!
You die...

#.. #.#.#
##..#####.#.#####
.............)..##
#...............#
#........#.###.##
#.................
#..(.....#.###.....
#........#.# ####
#.....@..#.#
#######e#.#.#
##......w..#.##
..............#
##.#..)†>.......
....#.##.###.###
.#.... ... ... ##.#
.... ### ... .....


You could see Duvessa (berserk) and a dart slug.

Vanquished Creatures
  A centaur (D:5)
  A necrophage (D:4)
  A scorpion (D:5)
  Dowan (D:5)
  A jelly (D:5)
  5 adders
  An ufetubus (D:4)
  An adder skeleton (D:3)
  4 worms
  A dart slug (D:3)
  3 orcs
  6 ball pythons
  4 bats
  8 endoplasms
  16 giant cockroaches
  10 goblins
  7 hobgoblins
  13 jackals
  5 quokkas
  3 frilled lizards
  12 kobolds
  5 rats
109 creatures vanquished.

Notes
Turn   | Place    | Note
-------+----------+-------------------------------------------
     0 | D:1      | Sweetruy1997 the Gargoyle Earth Elementalist began the
                  | quest for the Orb.
     0 | D:1      | Reached XP level 1. HP: 10/10 MP: 3/3
    56 | D:1      | Reached skill level 4 in Earth Magic
    56 | D:1      | Reached XP level 2. HP: 4/15 MP: 0/5
   279 | D:1      | Learned a level 2 spell: Passwall
   680 | D:1      | Reached XP level 3. HP: 19/19 MP: 1/6
   684 | D:1      | Learned a level 3 spell: Stone Arrow
   911 | D:1      | Noticed a great orb of eyes
   927 | D:1      | Noticed a golden eye
  1012 | D:1      | Found a faded altar of an unknown god.
  1025 | D:1      | Noticed an eye of devastation
  1025 | D:1      | Noticed a great orb of eyes
  1455 | D:2      | Reached XP level 4. HP: 24/24 MP: 4/8
  1844 | D:2      | Reached skill level 5 in Earth Magic
  2455 | D:2      | Gained mutation: You have a pair of small horns on your
                  | head. [potion of mutation]
  2455 | D:2      | Gained mutation: Potions are less effective at restoring
                  | your health. [potion of mutation]
  2456 | D:2      | Lost mutation: You have a pair of small horns on your head.
                  | [potion of mutation]
  2456 | D:2      | Lost mutation: Potions are less effective at restoring your
                  | health. [potion of mutation]
  2456 | D:2      | Gained mutation: You have an increased reservoir of magic.
                  | (+10% MP) [potion of mutation]
  2456 | D:2      | Gained mutation: You have a pair of small horns on your
                  | head. [potion of mutation]
  2656 | D:3      | Reached XP level 5. HP: 28/28 MP: 8/10
  2776 | D:3      | Lost mutation: You have a pair of small horns on your head.
                  | [potion of mutation]
  2776 | D:3      | Lost mutation: You have an increased reservoir of magic.
                  | (+10% MP) [potion of mutation]
  2776 | D:3      | Gained mutation: You passively dampen the noise of your
                  | surroundings. [potion of mutation]
  2776 | D:3      | Gained mutation: You sometimes lose the ability to read
                  | scrolls when taking damage. [potion of mutation]
  2776 | D:3      | Gained mutation: Your spells are a little harder to cast,
                  | but a little more powerful. [potion of mutation]
  2844 | D:3      | Learned a level 4 spell: Petrify
  3502 | D:4      | Found a runed translucent door.
  3503 | D:4      | Noticed a human
  3507 | D:4      | Found a basalt altar of Yredelemnul.
  3843 | D:4      | Noticed a necrophage
  3849 | D:4      | Killed a necrophage
  3850 | D:4      | Reached skill level 6 in Earth Magic
  3850 | D:4      | Reached XP level 6. HP: 32/32 MP: 6/12
  3973 | D:4      | Found a snail-covered altar of Cheibriados.
  4166 | D:4      | Identified 3 scrolls of acquirement
  4167 | D:4      | Acquired the +18 shield of the Gong {rElec rN+ Will+ EV-5}
  4167 | D:4      | Found the +18 shield of the Gong {rElec rN+ Will+ EV-5}
  4174 | D:4      | Acquired the ring of Fepil {Int+2 Slay+4}
  4177 | D:4      | Acquired Ymaorph's Incunabulum of the Rocks and Cold
  4182 | D:4      | Learned a level 2 spell: Ensorcelled Hibernation
  4727 | D:5      | Entered Level 5 of the Dungeon
  4763 | D:5      | Noticed Dowan
  4769 | D:5      | Killed Dowan
  4771 | D:5      | Noticed Duvessa
  4775 | D:5      | Reached XP level 7. HP: 35/36 MP: 4/13
  4788 | D:5      | Slain by Duvessa

Illustrated notes

Levels and vault maps discovered:
D:1:      dpeg_arrival_pond, layout_loops_ring,
          hellmonk_ecumenical_altar_watching_god, chequers_decorated_corner
D:2:      minmay_roachtagon, layout_loops_ring
D:3:      layout_basic, hangedman_decor_opposing
D:4:      layout_layer_cave, amcnicky_altar_gilded, dk_yredelemnul_ordeal
D:5:      layout_basic, okawaru_altar_gauntlet_db,
          mainiacjoe_overflow_cross_hatched, hex_intersection, uniq_duvessa

Skill      XL: |  1  2  3  4  5  6 |
---------------+-------------------+-----
Earth Magic    | 4 5 6 |  6.9
Spellcasting   | 3 4 |  4.6
Stealth        | 3 |  3.1
Fighting       | |  0.1
Short Blades   | |  0.2
Throwing       | |  0.1
Dodging        | |  1.9
Shields        | |  0.2
Transmutations | |  0.7

Action                   |  1- 3 |  4- 6 |  7- 9 || total
-------------------------+-------+-------+-------++-------
Melee: Unarmed           |    24 |       |       ||    24
       Dagger            |    22 |    33 |     5 ||    60
Throw: Stone             |     5 |       |       ||     5
 Cast: Sandblast         |    57 |    92 |     4 ||   153
       Stone Arrow       |       |     1 |       ||     1
  Use: Scroll            |       |     8 |       ||     8
       Potion            |       |     3 |       ||     3
Armor: Robe              |    20 |    32 |       ||    52
Dodge: Dodged            |    43 |    71 |       ||   114
Block: Kite shield       |       |     6 |    12 ||    18

Table legend: (Time is in decaauts)
 A = Elapsed time spent in this place.
 B = Non-inter-level travel time spent in this place.
 C = Inter-level travel time spent in this place.
 D = Time resting spent in this place.
 E = Time spent auto-exploring this place.
 F = Levels seen in this place.
 G = Mean time per level.
                   A        B        C        D        E       F      G
               +--------+--------+--------+--------+--------+-----+--------+
         Total |   4786 |   4646 |    140 |    282 |   3704 |   5 |  957.2 |
       Dungeon |   4786 |   4646 |    140 |    282 |   3704 |   5 |  957.2 |
               +--------+--------+--------+--------+--------+-----+--------+

Top non-repeatable levels by time:
     D:4: 1418 daAuts
     D:1: 1348 daAuts
     D:2: 1147 daAuts
     D:3: 811 daAuts
     D:5: 61 daAuts
